 Dungeon Crawl Stone Soup version 0.17-a0-2215-g49c1de0 (webtiles) character file.

132 Kolbur the Chiller (level 5, -1/37 HPs)
             Began as a Merfolk Ice Elementalist on Oct 27, 2015.
             Was an Initiate of Makhleb.
             Slain by a sky beast (5 damage)
             ... on level 5 of the Dungeon.
             The game lasted 00:23:26 (1120 turns).

Kolbur the Chiller (Merfolk Ice Elementalist)       Turns: 1120, Time: 00:23:26

Health: -1/37      AC:  3    Str:  8    XL:     5   Next: 15%
Magic:  2/8        EV: 14    Int: 15    God:    Makhleb [......]
Gold:   58         SH:  0    Dex: 15    Spells: 2 memorised, 4 levels left

rFire  + . .     SeeInvis .     r - +0 halberd
rCold  + . .     Clarity  .     a - +0 robe
rNeg   . . .     SustAt   .     (no shield)
rPois  .         Gourm    .     (no helmet)
rElec  .         Spirit   .     g - +0 cloak
rCorr  .         Warding  .     (no gloves)
rMut   .         Stasis   .     (no boots)
MR     .....                    (no amulet)
Stlth  ++........               y - ring of protection from fire
                                z - ring of protection from cold

@: not resistant to hostile enchantments, unstealthy
A: change form in water, swift swim
a: Renounce Religion


You were on level 5 of the Dungeon.
You worshipped Makhleb.
Makhleb was noncommittal.
You were not hungry.

You visited 1 branch of the dungeon, and saw 5 of its levels.

You collected 58 gold pieces.

Inventory:

Hand Weapons
 q - a +0 whip
 r - a +0 halberd (weapon)
Missiles
 f - 49 stones (quivered)
 i - 17 poisoned needles
 l - 4 needles of slowing
Armour
 a - a +0 robe (worn)
 g - a +0 cloak (worn)
Jewellery
 j - an uncursed ring of flight
 y - a ring of protection from fire (right hand)
 z - a ring of protection from cold (left hand)
Scrolls
 d - a scroll of enchant armour {unknown}
 e - a scroll of random uselessness {unknown}
 h - 4 scrolls of identify {unknown}
 n - a scroll of teleportation
 p - 2 scrolls of fear {unknown}
 u - 2 scrolls of recharging {unknown}
 w - 2 scrolls of immolation {unknown}
 x - a scroll of remove curse {unknown}
Potions
 m - a potion of curing {unknown}
 s - 3 potions of magic {unknown}
 t - a potion of ambrosia {unknown}
Books
 b - a book of Frost

   Spells                             Type                      Level
   a - Freeze                         Ice                          1
   b - Throw Frost                    Conjuration/Ice              2
   c - Ozocubu's Armour               Charms/Ice                   3
   d - Throw Icicle                   Conjuration/Ice              4
   e - Summon Ice Beast               Ice/Summoning                4
   f - Condensation Shield            Ice                          4
Comestibles
 c - 2 bread rations
 k - a slice of pizza
 o - 2 meat rations


   Skills:
 + Level 1.4 Fighting
 * Level 2.3 Polearms
 - Level 4.0 Dodging
 - Level 2.1 Stealth
 - Level 2.0 Spellcasting
   Level 0.7 Conjurations
 + Level 0.0 Charms
 - Level 5.0 Ice Magic


You had 4 spell levels left.
You knew the following spells:

 Your Spells              Type           Power        Failure   Level  Hunger
a - Freeze                Ice            ###.         2%          1    #......
o - Ozocubu's Armour      Chrm/Ice       #.......     24%         3    ###....


Dungeon Overview and Level Annotations

Branches:
Dungeon (5/15)
 Temple: D:4-7

Altars:
Gozag
Makhleb
Sif Muna

Annotations:
D:3 septik's ghost, amateur SpEn


Message History

Casting: Freeze
Confirm with . or Enter, or press ? or * to list all spells.
Aiming: Freeze
Press: ? - help, Shift-Dir - straight line, f/p - sky beast
Aim: a sky beast (severely wounded)
You freeze the sky beast.
The sky beast is almost dead.
The sky beast hits you. The sky beast shocks you.
* * * LOW HITPOINT WARNING * * *
Casting: Freeze
Confirm with . or Enter, or press ? or * to list all spells.
Aiming: Freeze
Press: ? - help, Shift-Dir - straight line, f/p - sky beast
Aim: a sky beast (almost dead)
You freeze the sky beast.
The sky beast is almost dead.
The sky beast hits you.
* * * LOW HITPOINT WARNING * * *
The sky beast shocks you.
You die...

... ##### ##..
####...#### ...
#.........# #..
#.........# #.(
#####.@.......#
#..##...#Y##...####
#..#......###.##
#.....<...# #.#
#.........# #.#
#.........# #.#
#..#.....####.######
##..................#
#...................#


You could see a sky beast.

Vanquished Creatures
  A crimson imp (D:5)
  A worker ant (D:5)
  3 gnolls (D:2)
  An adder (D:2)
  2 oozes
  4 ball pythons
  2 bats
  2 goblins
  3 hobgoblins
  4 jackals (D:2)
  2 giant cockroaches
  A giant newt (D:3)
  2 kobolds
  3 rats
31 creatures vanquished.

Notes
Turn   | Place    | Note
--------------------------------------------------------------
     0 | D:1      | Kolbur the Merfolk Ice Elementalist began the quest for the Orb.
     0 | D:1      | Reached XP level 1. HP: 13/13 MP: 3/3
   283 | D:2      | Reached XP level 2. HP: 19/19 MP: 0/5
   356 | D:2      | Reached skill level 4 in Ice Magic
   435 | D:2      | Found an opulent altar of Gozag.
   530 | D:2      | Reached XP level 3. HP: 18/24 MP: 0/6
   554 | D:2      | Learned a level 3 spell: Ozocubu's Armour
   715 | D:1      | Reached XP level 4. HP: 6/31 MP: 5/7
   865 | D:3      | Noticed septik's ghost (amateur SpEn)
   903 | D:3      | Noticed an ogre
   961 | D:3      | Reached skill level 5 in Ice Magic
   985 | D:5      | Entered Level 5 of the Dungeon
   991 | D:5      | Reached skill level 1 in Fighting
   991 | D:5      | Reached skill level 1 in Polearms
   992 | D:5      | Found a deep blue altar of Sif Muna.
   996 | D:4      | Found a burning altar of Makhleb.
  1004 | D:4      | Became a worshipper of Makhleb the Destroyer
  1027 | D:3      | Noticed an ice beast
  1072 | D:5      | Reached XP level 5. HP: 21/37 MP: 2/8
  1106 | D:5      | Noticed a sky beast
  1120 | D:5      | Slain by a sky beast

Vault maps used:
D:1:      lemuel_arrival_broad_hall, glass_columns_a
D:2:      lemuel_doored_altar, nicolae_gozag_seed_capital
D:4:      lemuel_round_altar, nicolae_overflow_crystal_walls, bloody_makhleb,
          first_bread, uniq_duvessa
D:5:      nicolae_overflow_hidden_temple, kennysheep_mini, marbit_many_paths,
          lemuel_crystal_altar, yredelemnul_altar_generic

Action                   |  1- 3 |  4- 6 || total
-------------------------+-------+-------++-------
Melee: Unarmed           |    17 |       ||    17
       Halberd           |     1 |    11 ||    12
       Whip              |     1 |       ||     1
Throw: Stone             |    17 |       ||    17
 Cast: Freeze            |    38 |    29 ||    67
  Use: Scroll            |     1 |       ||     1
 Stab: Sleeping          |       |     3 ||     3
  Eat: Chunk             |       |     2 ||     2

Vault maps used:
D:1:      lemuel_arrival_broad_hall, glass_columns_a
D:2:      lemuel_doored_altar, nicolae_gozag_seed_capital
D:4:      lemuel_round_altar, nicolae_overflow_crystal_walls, bloody_makhleb,
          first_bread, uniq_duvessa
D:5:      nicolae_overflow_hidden_temple, kennysheep_mini, marbit_many_paths,
          lemuel_crystal_altar, yredelemnul_altar_generic

Table legend:
 A = Turns spent in this place as a percentage of turns spent in the entire game.
 B = Non-inter-level travel turns spent in this place as a percentage of non-inter-level travel turns spent in the entire game.
 C = Inter-level travel turns spent in this place as a percentage of turns spent in this place.
 D = Turns resting spent in this place as a percentage of non-inter-level travel turns spent in this place.
 E = Turns spent auto-exploring this place as a percentage of non-inter-level travel turns spent in this place.
 F = Non-inter-level travel turns spent in this place divided by the number of levels of this place that you've seen.
                   A       B       C       D       E      F
               +-------+-------+-------+-------+-------+----------------------
         Total | 100.0 | 100.0 |   0.8 |   0.0 |   0.0 | 197.6
       Dungeon | 100.0 | 100.0 |   0.8 |   0.0 |   0.0 | 197.6
               +-------+-------+-------+-------+-------+----------------------
